 Dungeon Crawl Stone Soup version 0.23.2-1-ga50397a6bc (webtiles) character file.

Game seed: 13062443863618719598

35 GreenRAT the Skirmisher (level 3, -3/23 HPs)
             Began as a Gargoyle Monk on May 18, 2019.
             Slain by a gnoll
             ... wielding a +0 halberd
              (6 damage)
             ... on level 2 of the Dungeon.
             The game lasted 00:04:42 (1351 turns).

GreenRAT the Skirmisher (Gargoyle Monk)             Turns: 1351, Time: 00:04:43

Health: -3/23      AC:  8    Str: 14    XL:     3   Next: 33%
Magic:  3/3        EV: 11    Int: 10    God:
Gold:   26         SH:  0    Dex: 13    Spells: 2/2 levels left

rFire    . . .     SeeInvis .   g - +0 short sword
rCold    . . .     Gourm    .   (no shield)
rNeg     + . .     Faith    .   d - +0 ring mail
rPois    ∞         Spirit   .   (no helmet)
rElec    +         Reflect  .   (no cloak)
rCorr    .         Harm     .   (no gloves)
MR       .....                  (no boots)
Stlth    +.........             (no amulet)
HPRegen  0.07/turn              (no ring)
MPRegen  0.08/turn              (no ring)

@: no status effects
A: negative energy resistance 1, electricity resistance, unbreathing,
petrification resistance, rot immunity, AC +3
a: no special abilities


You were on level 2 of the Dungeon.
You were hungry.

You visited 1 branch of the dungeon, and saw 2 of its levels.

You collected 26 gold pieces.

Inventory:

Hand Weapons
 a - a +0 mace
 e - a +0 club
 g - a +0 short sword (weapon)
Armour
 b - a +0 robe
 d - a +0 ring mail (worn)
Jewellery
 f - an uncursed ring of magical power {unknown}
Potions
 h - a potion of haste {unknown}
 i - a potion of cancellation {unknown}
Comestibles
 c - 2 rations


   Skills:
 + Level 3.4 Fighting
 + Level 0.7 Short Blades
 + Level 3.2 Maces & Flails
 + Level 1.2 Armour
 + Level 2.8 Dodging
 + Level 2.2 Stealth


You had 2 spell levels left.
You didn't know any spells.
Your spell library was empty.

Dungeon Overview and Level Annotations

Branches:
Dungeon (2/15)

Altars:


Innate Abilities, Weirdness & Mutations

You are resistant to torment.
Your stone body is resilient. (AC +3)
You are immune to poison.
You resist negative energy. (rN+)
You are resistant to electric shocks. (rElec)
You can survive without breathing.
You are immune to petrification.
You are immune to rotting.


Message History

You are too injured to fight recklessly!
Press: ? - help, v - describe, . - travel
Here: a gnoll, wielding a +0 whip and wearing a +0 leather armour The floor.
You completely miss the gnoll. The gnoll misses you.
The gnoll hits you with a +0 whip.
* * * LOW HITPOINT WARNING * * *
You hit the gnoll.
The gnoll is moderately wounded.
The gnoll barely misses you. The gnoll closely misses you.
You hit the gnoll.
The gnoll is heavily wounded.
The gnoll misses you.
The gnoll hits you from afar with a +0 halberd.
* * * LOW HITPOINT WARNING * * *
You completely miss the gnoll.
The gnoll is heavily wounded.
The gnoll closely misses you.
The gnoll hits you from afar with a +0 halberd.
You die...

#..............#
#.......#####..# #.......#
#..#####.#
###.......#####........#
..........##.....##########
######.#r###.###.........).
#.#.###.###.##########
#.#g##...##^# #####
#>#rg@......# ##...##
#K####...#### ##.....# #.
#.....#####....... #.
#.......<..†......
#.....#####....... #....##
##.....# #.#.## ##.....
#.#.# ....... #.######


You could see 2 gnolls and a quokka.

Vanquished Creatures
  3 dart slugs (D:1)
  A leopard gecko (D:1)
  A ball python (D:1)
  2 bats
  5 goblins (D:1)
  3 hobgoblins
  2 jackals (D:1)
  5 kobolds (D:1)
  A frilled lizard (D:1)
  4 rats (D:1)
27 creatures vanquished.

Notes
Turn   | Place    | Note
-------+----------+-------------------------------------------
     0 | D:1      | GreenRAT the Gargoyle Monk began the quest for the Orb.
     0 | D:1      | Reached XP level 1. HP: 14/14 MP: 1/1
   253 | D:1      | Reached XP level 2. HP: 12/19 MP: 2/2
   269 | D:1      | You fall through a shaft!
   726 | D:1      | Reached skill level 1 in Armour
   771 | D:1      | Reached XP level 3. HP: 11/23 MP: 3/3
  1351 | D:2      | Slain by a gnoll

Skill      XL: |  1  2 |
---------------+-------+-----
Armour         | 1 |  1.2
Fighting       | |  3.4
Short Blades   | |  0.7
Maces & Flails | |  3.2
Dodging        | |  2.8
Stealth        | |  2.2

Action                   || total
-------------------------++-------
Melee: Mace              ||    25
       Short sword       ||    88
  Use: Scroll            ||     4
       Potion            ||     1
  Eat: Chunk             ||     1
Armor: Ring mail         ||    65
Dodge: Dodged            ||    77
